 Dungeon Crawl Stone Soup version 0.30-a0-341-g682706514a (webtiles) character file.

Game seed: 11083034530826323793

707 LnG the Covert (level 8, 0/66 HPs)
             Began as a Kobold Summoner on Nov 1, 2022.
             Was an Initiate of Dithmenos.
             Succumbed to Edmund's poison
             ... on level 5 of the Dungeon.
             The game lasted 00:13:20 (4510 turns).

LnG the Covert (Kobold Summoner)                    Turns: 4510, Time: 00:13:20

Health: 0/66       AC: 24    Str:  3 (5)  XL:     8   Next: 0%
Magic:  9/13       EV:  3    Int: 16 (19) God:    Dithmenos [......]
Gold:   302        SH:  5    Dex: 12 (15) Spells: 4/13 levels left

rFire   + . .      SeeInvis .    c - +0 dagger
rCold   . . .      Faith    .    (no shield)
rNeg    . . .      Spirit   .    (body armour currently unavailable)
rPois   +          Reflect  +    (helmet currently unavailable)
rElec   .          Harm     .    (cloak currently unavailable)
rCorr   .          Rampage  .    (gloves currently unavailable)
Will    .....      NoTele   +    (boots currently unavailable)
Stlth   +++++.....               s - amulet of reflection
HPRegen 0.31/turn                j - ring of flight
MPRegen 0.13/turn                o - ring of protection from fire

@: lethally poisoned (0 -> -10), tree-form
A: stationary, stasis, torment immunity, boosted hp, small, no large weapons,
nightstalker 3
a: Renounce Religion


You were on level 5 of the Dungeon.
You worshipped Dithmenos.
Dithmenos was noncommittal.
You were a tree.
You visited 2 branches of the dungeon, and saw 6 of its levels.

You collected 302 gold pieces.

Inventory:

Hand Weapons
 c - a +0 dagger (weapon)
Armour
 a - a +1 robe (melded)
 d - an orb of mayhem
 h - a +2 pair of gloves of hurling (melded)
 l - a +2 pair of boots (melded)
Jewellery
 j - a ring of flight (left branch)
 o - a ring of protection from fire (right branch)
 s - an amulet of reflection (around neck)
Scrolls
 b - 2 scrolls of vulnerability {unknown}
 f - 3 scrolls of poison
 g - a scroll of blinking
 k - a scroll of immolation
 m - 2 scrolls of enchant armour
 q - a scroll of torment {unknown}
 t - a scroll of teleportation {unknown}
Potions
 e - a potion of attraction
 n - a potion of haste
 p - a potion of magic


   Skills:
 + Level 1.6 Fighting
 + Level 2.7 Short Blades
 * Level 4.6 Dodging
 * Level 8.2 Stealth
 + Level 0.2 Shields
 + Level 3.4 Spellcasting
 + Level 4.9 Summonings


You had 4 spell levels left.
You knew the following spells:

 Your Spells              Type           Power      Damage    Failure   Level
a - Summon Small Mammal   Summ           72%        N/A       2%          1
b - Call Imp              Summ           18%        N/A       3%          2
c - Call Canine Familiar  Summ           18%        N/A       7%          3
d - Summon Guardian Gole  Hex/Summ       10%        N/A       19%         3

Your spell library contained the following spells:

 Spells                   Type           Power      Damage    Failure   Level
 Magic Dart               Conj           8%         1d3       19%         1
 Searing Ray              Conj           4%         2d4       26%         2
 Frozen Ramparts          Ice            4%         1d1       47%         3
 Portal Projectile        Hex/Tloc       4%         N/A       47%         3
 Tukima's Dance           Hex            2%         N/A       47%         3
 Summon Ice Beast         Ice/Summ       10%        N/A       54%         4
 Summon Lightning Spire   Summ/Air       10%        N/A       54%         4
 Fulminant Prism          Conj/Hex       1%         3d5       87%         4
 Ice Form                 Ice/Tmut       2%         N/A       87%         4
 Blade Hands              Tmut           1%         N/A       99%         5


Dungeon Overview and Level Annotations

Branches:
Dungeon (5/15)             Temple (1/1) D:4

Altars:
Ashenzari
Cheibriados
Dithmenos
Fedhas
Kikubaaqudgha
Nemelex Xobeh
Okawaru
Ru
Trog
Uskayaw
Wu Jian
Yredelemnul
Zin
The Shining One

Shops:
D:2 [

Annotations:
Temple 2 transporters


Innate Abilities, Weirdness & Mutations

You are a tree.
Your roots penetrate the ground, keeping you stationary.
You cannot be teleported.
You are immune to unholy pain and torment.
Your maximum health is greatly increased.
Your equipment is partially melded.
You are small and have problems with some larger weapons.
You are completely attuned to the shadows.


Message History

Your hound dies!
Your hound's corpse disappears in a puff of smoke!
Your crimson imp hits Edmund but does no damage.
You hit Edmund but do no damage.
Edmund is almost dead.
You feel sick. Edmund closely misses you.
You closely miss Edmund.
Edmund is almost dead.
You feel sick.
Your crimson imp barely misses Edmund.
Edmund hits you but does no damage.
You are lethally poisoned!
You feel much better.
You feel sick.
Your crimson imp hits Edmund.
Edmund hits you with a +1 dire flail of venom.
You barely miss Edmund.
Edmund is almost dead.
You feel sick.
Your crimson imp hits Edmund but does no damage.
Edmund hits you with a +1 dire flail of venom!
* * * LOW HITPOINT WARNING * * *
You are lethally poisoned!
You hit Edmund.
You kill Edmund!
Dithmenos accepts your kill.
* * * LOW HITPOINT WARNING * * *
You feel very sick.
Your Stealth skill increases to level 8!
You have reached level 8!
It was a potion of degeneration.
There was something very wrong with that liquid.
You feel weakened.
You feel dopey.
You feel clumsy.
* * * LOW HITPOINT WARNING * * *
You feel very sick.
It was a potion of lignification.
You turn into a tree.
Your +2 pair of gloves of hurling melds into your body.
Your +2 pair of boots melds into your body.
Your +1 robe melds into your body.
Your aim is not that steady anymore.
Your roots penetrate the ground.
* * * LOW HITPOINT WARNING * * *
You feel very sick.
You die...

.....
##.#.#####
..........
.!......#
#♣...#
#5)..#
#....#..
###<....
#####.


You could see a friendly crimson imp (summoned).

Vanquished Creatures
  Sigmund (D:3)
  Edmund (D:5)
  An ogre (D:3)
  A necrophage (D:4)
  An iguana (D:4)
  4 adders
  A worm (D:2)
  A dart slug (D:4)
  5 orcs
  4 endoplasms
  A giant cockroach (D:2)
  9 goblins
  8 hobgoblins
  6 jackals (D:1)
  4 kobolds
  3 quokkas
  5 ball pythons
  7 bats
  3 frilled lizards
  5 rats
  A toadstool (D:1)
72 creatures vanquished.

Vanquished Creatures (collateral kills)
  An orc priest (D:3)
  Jessica (D:3)
  Natasha (twice) (D:2)
  4 orcs (D:3)
  An endoplasm (D:1)
  A giant cockroach (D:3)
  6 hobgoblins
  A kobold (D:1)
  A ball python (D:1)
  2 bats (D:1)
  3 goblins (D:3)
  A rat (D:1)
24 creatures vanquished.

Vanquished Creatures (others)
  3 toadstools (D:1)
3 creatures vanquished.

Grand Total: 99 creatures vanquished

Notes
Turn   | Place    | Note
-------+----------+-------------------------------------------
     0 | D:1      | LnG the Kobold Summoner began the quest for the Orb.
     0 | D:1      | Reached XP level 1. HP: 10/10 MP: 3/3
   320 | D:1      | Reached XP level 2. HP: 9/15 MP: 5/5
   323 | D:1      | Learned a level 2 spell: Call Imp
   471 | D:1      | Reached skill level 3 in Stealth
   816 | D:1      | Reached XP level 3. HP: 18/19 MP: 6/6
   911 | D:1      | Learned a level 3 spell: Call Canine Familiar
  1467 | D:2      | Reached skill level 4 in Stealth
  1525 | D:2      | Found Elyhoolu's Armour Shoppe.
  1540 | D:2      | Noticed Natasha
  1554 | D:2      | Killed Natasha
  1555 | D:2      | Reached XP level 4. HP: 10/24 MP: 1/7
  1782 | D:2      | Noticed Natasha
  1808 | D:2      | Killed Natasha
  1809 | D:2      | Reached skill level 5 in Stealth
  1919 | D:2      | Reached XP level 5. HP: 28/28 MP: 8/8
  1961 | D:2      | Found a basalt altar of Yredelemnul.
  2212 | D:3      | Reached skill level 1 in Short Blades
  2653 | D:3      | Noticed Jessica
  2659 | D:3      | Killed Jessica
  3241 | D:3      | Noticed Sigmund
  3250 | D:3      | Killed Sigmund
  3251 | D:3      | Reached skill level 1 in Fighting
  3251 | D:3      | Reached skill level 6 in Stealth
  3251 | D:3      | Reached XP level 6. HP: 34/34 MP: 6/10
  3311 | D:3      | Noticed an ogre
  3315 | D:3      | Killed an ogre
  3316 | D:3      | Reached skill level 7 in Stealth
  3316 | D:3      | Reached XP level 7. HP: 38/38 MP: 11/11
  3886 | D:4      | Found a staircase to the Ecumenical Temple.
  3915 | Temple   | Entered the Ecumenical Temple
  3918 | Temple   | Found a transporter.
  3918 | Temple   | Found a transporter.
  3920 | Temple   | Found a transporter.
  3920 | Temple   | Found a transporter.
  3964 | Temple   | Became a worshipper of Dithmenos the Shadowed
  4286 | D:4      | Learned a level 3 spell: Summon Guardian Golem
  4488 | D:5      | Entered Level 5 of the Dungeon
  4488 | D:5      | Noticed Edmund
  4507 | D:5      | Killed Edmund
  4508 | D:5      | Reached skill level 8 in Stealth
  4508 | D:5      | Reached XP level 8. HP: 7/44 MP: 9/13
  4509 | D:5      | HP: 2/66 [poisoned by Edmund]
  4510 | D:5      | Succumbed to Edmund's poison

Illustrated notes

Levels and vault maps discovered:
D:1:      ldierk_water_garden, layout_basic, serial_rivers,
          chequers_serial_rivers_large_b, chequers_serial_rivers_micro_e,
          chequers_serial_rivers_micro_d, chequers_serial_rivers_large_a,
          chequers_serial_rivers_micro_d
D:2:      layout_rooms, serial_shops, shop, basic_altar, st_stairs_2,
          skrybe_limestone_x, uniq_natasha
D:3:      cheibrodos_greedy_goblins, layout_loops_corners, uniq_jessica,
          uniq_sigmund
D:4:      layout_loops_cross, minmay_temple_entry_butterflies
D:5:      layout_basic, kennysheep_orc_sif_temple, portal_sewer_entry_b,
          uniq_edmund
Temple:   hellmonk_temple_divided_pantheon

Skill      XL: |  1  2  3  4  5  6  7 |
---------------+----------------------+-----
Stealth        | 3 4 5 6 7 8 |  8.2
Dodging        | 3 4 |  4.6
Short Blades   | 1 2 |  2.7
Fighting       | 1 |  1.6
Spellcasting   | 3 |  3.4
Shields        | |  0.2
Summonings     | |  4.9

Action                   |  1- 3 |  4- 6 |  7- 9 || total
-------------------------+-------+-------+-------++-------
Melee: Unarmed           |    24 |       |       ||    24
       Dagger            |    68 |   100 |   164 ||   332
       Punch             |     1 |       |     2 ||     3
 Cast: Summon Small Mamm |     8 |       |       ||     8
       Call Imp          |     4 |     5 |     2 ||    11
       Call Canine Famil |     2 |     7 |     2 ||    11
  Use: Potion            |       |     1 |     4 ||     5
       Scroll            |       |     5 |     2 ||     7
 Stab: Sleeping          |    12 |    15 |    11 ||    38
       Distracted        |     1 |     1 |       ||     2
Armor: Robe              |    14 |    19 |    31 ||    64
Dodge: Dodged            |    93 |    61 |   103 ||   257
Block: Other             |       |       |    18 ||    18

Table legend: (Time is in decaauts)
 A = Elapsed time spent in this place.
 B = Non-inter-level travel time spent in this place.
 C = Inter-level travel time spent in this place.
 D = Time resting spent in this place.
 E = Time spent auto-exploring this place.
 F = Levels seen in this place.
 G = Mean time per level.
                   A        B        C        D        E       F      G
               +--------+--------+--------+--------+--------+-----+--------+
         Total |   4552 |   4398 |    154 |    213 |   3241 |   6 |  758.7 |
       Dungeon |   4485 |   4364 |    121 |    213 |   3220 |   5 |  897.0 |
        Temple |     66 |     33 |     33 |      0 |     21 |   1 |   66.0 |
               +--------+--------+--------+--------+--------+-----+--------+

Top non-repeatable levels by time:
     D:1: 1457 daAuts
     D:3: 1388 daAuts
     D:4: 882 daAuts
     D:2: 736 daAuts
  Temple: 66 daAuts
     D:5: 20 daAuts
